 Dungeon Crawl Stone Soup version 0.28.0-1-gb440e238dd (webtiles) character file.

Game seed: 12813534880678585716

675 Zeld the Chiller (level 7, -3/46 HPs)
             Began as a Merfolk Ice Elementalist on Feb 22, 2022.
             Slain by an ogre (31 damage)
             ... on level 5 of the Dungeon.
             The game lasted 00:07:28 (8362 turns).

Zeld the Chiller (Merfolk Ice Elementalist)         Turns: 8362, Time: 00:07:29

Health: -3/46      AC:  5    Str:  8    XL:     7   Next: 59%
Magic:  10/14      EV: 14    Int: 16    God:
Gold:   173        SH:  0    Dex: 15    Spells: 4/15 levels left

rFire   . . .      SeeInvis .   a - +0 scythe
rCold   . . .      Faith    .   (shield currently unavailable)
rNeg    . . .      Spirit   .   s - +2 robe {Will+}
rPois   .          Reflect  .   (no helmet)
rElec   .          Harm     .   (no cloak)
rCorr   .          Rampage  .   (no gloves)
Will    +....                   u - +0 pair of boots
Stlth   +++.......              (no amulet)
HPRegen 0.15/turn               (no ring)
MPRegen 0.14/turn               (no ring)

@: freezing walls
A: (nimble swimmer 2), mertail
a: no special abilities


You were on level 5 of the Dungeon.
You visited 1 branch of the dungeon, and saw 5 of its levels.

You collected 173 gold pieces.

Inventory:

Hand Weapons
 a - a +0 scythe (weapon)
Armour
 s - a +2 robe of willpower (worn)
 u - a +0 pair of boots (worn)
Wands
 r - a wand of polymorph (2)
Scrolls
 b - 2 scrolls of teleportation {unknown}
 d - 2 scrolls of blinking {unknown}
 f - 3 scrolls of fog {unknown}
 g - 2 scrolls of identify {unknown}
 h - a scroll of amnesia {unknown}
 j - a scroll of immolation {unknown}
 k - 2 scrolls of enchant weapon {unknown}
 m - a scroll of enchant armour {unknown}
 q - a scroll of magic mapping {unknown}
 t - a scroll of summoning {unknown}
Potions
 c - a potion of mutation {unknown}
 e - a potion of attraction {unknown}
 i - a potion of haste {unknown}
 l - 2 potions of heal wounds {unknown}
 n - a potion of cancellation {unknown}
 o - a potion of experience {unknown}
 p - a potion of curing {unknown}


   Skills:
 + Level 4.9 Dodging
 - Level 4.0 Stealth
 * Level 4.7 Spellcasting
 + Level 1.3 Conjurations
 * Level 6.5 Ice Magic


You had 4 spell levels left.
You knew the following spells:

 Your Spells              Type           Power      Damage    Failure   Level
a - Freeze                Ice            96%        1d11      1%          1
b - Frozen Ramparts       Ice            48%        1d6       3%          3
c - Ozocubu's Armour      Ice            24%        N/A       3%          3
d - Hailstorm             Conj/Ice       16%        3d6       30%         4

Your spell library contained the following spells:

 Spells                   Type           Power      Damage    Failure   Level
 Magic Dart               Conj           28%        1d4       10%         1
 Searing Ray              Conj           14%        2d5       14%         2
 Animate Skeleton         Necr           6%         N/A       16%         1
 Apportation              Tloc           6%         N/A       16%         1
 Pain                     Necr           12%        1d4       16%         1
 Mephitic Cloud           Conj/Pois/Air  5%         N/A       36%         3
 Ignite Poison            Fire/Tmut/Pois 3%         N/A       43%         3
 Vampiric Draining        Necr           3%         2d6       43%         3
 Fulminant Prism          Conj/Hex       2%         3d6       77%         4
 Freezing Cloud           Conj/Ice/Air   6%         6-21      83%         5
 Alistair's Intoxication  Tmut/Pois      2%         N/A       99%         5


Dungeon Overview and Level Annotations

Branches:
Dungeon (5/15)
 Temple: D:4-7

Altars:

Shops:
D:1 :

Annotations:
D:3 3 runed translucent doors, Snicker's ghost, weakling DsDe


Innate Abilities, Weirdness & Mutations

((You are very nimble when in or above water. (Stealth+, EV+, Speed+++)))
Your lower body shifts to a powerful aquatic tail in water.


Message History

There are monsters nearby!
There are monsters nearby!
You barely miss the water moccasin zombie.
The water moccasin zombie bites you. The water moccasin zombie bites you!
You hit the ogre.
The ogre is lightly wounded.
The ogre closely misses you.
You hit the ogre but do no damage.
The ogre is lightly wounded.
The ogre barely misses you.
You barely miss the ogre.
The ogre is lightly wounded.
The ogre closely misses you. The ogre misses you.
You barely miss the ogre.
The ogre is lightly wounded.
The ogre hits you with a +0 giant club!
Casting: Freeze (safe; 1% risk of failure)
Confirm with . or Enter, or press ? or * to list all spells.
Casting: Frozen Ramparts (dangerous; 3% risk of failure)
Press: ? - help, Dir - look around, f - activate The walls around you are covered in ice.
The water moccasin zombie completely resists.
The wall freezes the water moccasin zombie but does no damage.
The wall freezes the ogre.
The ogre misses you.
The wall freezes the orc.
The wall freezes the iguana.
The iguana seems to slow down.
The water moccasin zombie completely resists.
The wall freezes the water moccasin zombie but does no damage.
Casting: Frozen Ramparts (dangerous; 3% risk of failure)
Confirm with . or Enter, or press ? or * to list all spells.
Aiming: Freeze (safe; 1% risk of failure)
Press: ? - help, Shift-Dir - straight line, f - ogre
Aim: an ogre, wielding a +0 giant club (moderately wounded)
You freeze the ogre.
The ogre is moderately wounded.
The water moccasin zombie completely resists.
The wall freezes the water moccasin zombie but does no damage.
The wall freezes the ogre.
The ogre hits you with a +0 giant club!!
Ouch! That really hurt!
You die...

#.)....# #......##
#.###...# #.# ##..##
#.# #...# #.# #...##
### ..# ##...# ....
#########...# ....$
#loO@.......##
......#Z########...#
....O.'.#
#........##
.l....###
#.#####...# ......
#.### ##..# .....
#...####..# .....
#.....#..># ####
#...#.#.###
#####.#.#


You could see an ogre, an iguana (slow), an orc and a water moccasin zombie.

Vanquished Creatures
  Sigmund (D:4)
  2 black bears
  A centaur (D:5)
  A hound (D:4)
  A bullfrog skeleton (D:4)
  A jelly (D:5)
  A hound skeleton (D:5)
  3 gnolls (D:5)
  2 adders
  An ufetubus (D:5)
  An adder skeleton (D:4)
  A worm (D:4)
  2 dart slugs
  5 orcs
  5 bats
  5 endoplasms
  2 giant cockroaches (D:1)
  6 goblins
  9 hobgoblins
  5 quokkas
  5 ball pythons
  2 frilled lizards
  8 kobolds
  5 rats
75 creatures vanquished.

Notes
Turn   | Place    | Note
-------+----------+-------------------------------------------
     0 | D:1      | Zeld the Merfolk Ice Elementalist began the quest for the
                  | Orb.
     0 | D:1      | Reached XP level 1. HP: 13/13 MP: 3/3
   361 | D:1      | Reached XP level 2. HP: 13/19 MP: 0/5
   563 | D:1      | Found Uhengut's Book Shop.
  1057 | D:1      | Reached XP level 3. HP: 24/24 MP: 3/6
  1061 | D:1      | Learned a level 3 spell: Frozen Ramparts
  1278 | D:2      | Found a faded altar of an unknown god.
  1946 | D:3      | Noticed Snicker's ghost (weakling DsDe)
  2014 | D:3      | Found a runed translucent gate.
  2014 | D:3      | Found a runed translucent gate.
  2014 | D:3      | Found a runed translucent gate.
  2117 | D:3      | Learned a level 3 spell: Ozocubu's Armour
  2152 | D:3      | Noticed a bullfrog
  2153 | D:3      | Noticed a scorpion
  2153 | D:3      | Noticed a black bear
  2253 | D:3      | Reached XP level 4. HP: 30/30 MP: 6/8
  2377 | D:3      | Noticed a black bear
  2406 | D:3      | Killed a black bear
  2407 | D:3      | Reached skill level 5 in Ice Magic
  2407 | D:3      | Reached XP level 5. HP: 35/35 MP: 0/9
  4434 | D:4      | Noticed a black bear
  4441 | D:4      | Killed a black bear
  4442 | D:4      | Reached XP level 6. HP: 23/41 MP: 0/11
  4447 | D:4      | Learned a level 4 spell: Hailstorm
  4605 | D:4      | Noticed Sigmund
  6198 | D:4      | Killed Sigmund
  6199 | D:4      | Reached skill level 6 in Ice Magic
  6199 | D:4      | Reached XP level 7. HP: 29/46 MP: 1/13
  7441 | D:5      | Entered Level 5 of the Dungeon
  7550 | D:5      | Reached skill level 1 in Conjurations
  8362 | D:5      | Slain by an ogre

Illustrated notes

Levels and vault maps discovered:
D:1:      heliophobic_arrival_dark_side_of_the_moon, layout_basic, serial_shops,
          shop
D:2:      layout_loops_ring, hellmonk_ecumenical_altar_arch_garden,
          minmay_pentomino_q2
D:3:      layout_loops_cross, gammafunk_ghost_icy, lightli_corner_chamber
D:4:      layout_loops_corners, uniq_sigmund
D:5:      layout_basic, minmay_temple_entry_grid, nicolae_underground_beach

Skill      XL: |  1  2  3  4  5  6  7 |
---------------+----------------------+-----
Dodging        | 3 4 |  4.9
Stealth        | 3 4 |  4.0
Spellcasting   | 3 4 |  4.7
Ice Magic      | 5 6 |  6.5
Conjurations   | 1 |  1.3

Action                   |  1- 3 |  4- 6 |  7- 9 || total
-------------------------+-------+-------+-------++-------
Melee: Unarmed           |    19 |    59 |    45 ||   123
       Punch             |     1 |       |       ||     1
       Scythe            |       |       |     6 ||     6
 Cast: Freeze            |    63 |    29 |    21 ||   113
       Frozen Ramparts   |       |     6 |     6 ||    12
       Ozocubu's Armour  |       |     4 |       ||     4
 Stab: Sleeping          |     1 |       |     1 ||     2
Armor: Robe              |    10 |    29 |    15 ||    54
Dodge: Dodged            |    44 |    61 |    56 ||   161
